 Dungeon Crawl Stone Soup version 0.30-a0-459-g9104f0fc43 (webtiles) character file.

Game seed: 10436460542162681005

12682 oldmanjim the Blocker (level 11, 0/90 HPs)
             Began as a Gnoll Wanderer on Dec 14, 2022.
             Was a High Priest of Okawaru.
             Slain by a minotaur (21 damage)
             ... in a Gauntlet on Dec 15, 2022.
             The game lasted 01:09:34 (13189 turns).

oldmanjim the Blocker (Gnoll Wanderer)             Turns: 13189, Time: 01:09:35

Health: 0/90       AC: 14    Str: 15    XL:     11   Next: 97%
Magic:  22/22      EV: 20    Int: 11    God:    Okawaru [*****.]
Gold:   220        SH:  0    Dex: 23    Spells: 18/25 levels left

rFire   . . .      SeeInvis .    b - +2 arbalest (elec)
rCold   . . .      Faith    .    (shield currently unavailable)
rNeg    + . .      Spirit   .    f - +3 ring mail of Xixkimo {rN+}
rPois   +          Reflect  .    (no helmet)
rElec   .          Harm     .    (no cloak)
rCorr   .          Rampage  .    i - +1 pair of gloves of Quhidduv {Dex+4 Stlth+}
Will    .....      NoTele   +    I - +0 pair of boots
Stlth   ++++++....               C - amulet of magic regeneration
HPRegen 0.35/turn                m - ring of poison resistance
MPRegen 0.58/turn                A - +6 ring of strength

@: heroic, finesse-ful
A: fangs 1, strong nose, distributed training
a: Renounce Religion, Heroism, Finesse, Duel


You were in a Gauntlet.
You worshipped Okawaru.
Okawaru was extremely pleased with you.
You visited 2 branches of the dungeon, and saw 12 of its levels.
You also visited: Gauntlet.

You collected 576 gold pieces.
You spent 356 gold pieces at shops.

Inventory:

Hand Weapons
 a - a +2 short sword of electrocution
 b - a +2 arbalest of electrocution (weapon)
 g - a +0 dagger
 l - a +0 hand axe of freezing
 P - a +2 hand axe of venom
 U - a +3 scimitar
 W - a +1 vampiric dagger
Missiles
 k - 70 stones
 t - 3 atropa-tipped darts
 D - 19 poisoned darts
 H - 8 boomerangs
 Q - 5 curare-tipped darts
 T - 2 javelins
Armour
 d - a +0 robe
 e - a +2 buckler
 f - the +3 ring mail of Xixkimo (worn) {rN+}
   (You found it on level 2 of the Dungeon)

   rN:        It protects you from negative energy.
 i - the +1 pair of gloves of Quhidduv (worn) {Dex+4 Stlth+}
   (You acquired it on level 6 of the Dungeon)

   Dex:       It affects your dexterity (+4).
   Stlth:     It makes you more stealthy.
 I - a +0 pair of boots (worn)
 N - the +3 hat of Pondering {ponderous, Will+ MP+10 Int+5}
   (You took it off Gastronok on level 8 of the Dungeon)

   Int:       It affects your intelligence (+5).
   MP:        It affects your magic capacity (+10).
   Will:      It increases your willpower.
Jewellery
 j - a ring of flight
 m - a ring of poison resistance (left hand)
 A - a +6 ring of strength (right hand)
 C - an amulet of magic regeneration (around neck)
 O - a ring of wizardry
Wands
 K - a wand of polymorph (10)
 L - a wand of paralysis (13)
 V - a wand of acid (2)
Scrolls
 n - 3 scrolls of fog
 o - 2 scrolls of vulnerability
 p - a scroll of silence {unknown}
 r - 2 scrolls of brand weapon
 u - 9 scrolls of teleportation
 w - 3 scrolls of enchant armour
 y - a scroll of amnesia {unknown}
 B - 3 scrolls of poison
 F - a scroll of enchant weapon {unknown}
 J - 2 scrolls of summoning {unknown}
 R - a scroll of immolation
 S - 2 scrolls of fear
Potions
 c - 2 potions of heal wounds
 h - 3 potions of might
 q - 9 potions of curing
 s - 4 potions of mutation
 v - 2 potions of magic
 x - 2 potions of lignification
 z - 6 potions of brilliance
 E - a potion of resistance {unknown}
 G - 5 potions of haste
 M - a potion of cancellation


   Skills:
 + Level 9.7(14.7) Fighting
 + Level 7.0(12.0) Short Blades
 + Level 7.0(12.0) Long Blades
 + Level 7.0(12.0) Axes
 + Level 7.0(12.0) Maces & Flails
 + Level 7.0(12.0) Polearms
 + Level 7.0(12.0) Staves
 + Level 7.0(12.0) Ranged Weapons
 + Level 7.0(12.0) Throwing
 + Level 7.0(12.0) Armour
 + Level 7.0(12.0) Dodging
 + Level 7.0(12.0) Stealth
 + Level 11.0(16.0) Shields
 + Level 7.0(12.0) Unarmed Combat
 + Level 7.6 Spellcasting
 + Level 5.8 Conjurations
 + Level 5.8 Hexes
 + Level 5.8 Summonings
 + Level 5.8 Necromancy
 + Level 5.8 Translocations
 + Level 5.8 Transmutations
 + Level 5.8 Fire Magic
 + Level 5.8 Ice Magic
 + Level 7.0 Air Magic
 + Level 5.8 Earth Magic
 + Level 5.8 Poison Magic
 + Level 7.7 Invocations
 + Level 7.0 Evocations


You had 18 spell levels left.
You knew the following spells:

 Your Spells              Type           Power      Damage    Failure   Level
a - Shock                 Conj/Air       72%        1d7       1%          1
b - Vhi's Electric Charg  Tloc/Air       36%        N/A       6%          3
c - Kindle Blastsparks    Fire/Tloc/Air  36%        2d13      6%          3

Your spell library contained the following spells:

 Spells                   Type           Power      Damage    Failure   Level
 Fulminant Prism          Conj/Hex       8%         3d7       24%         4
 Iskenderun's Mystic Bla  Conj/Tloc      17%        2d5       24%         4
 Sticky Flame             Conj/Fire      17%        2d4       24%         4
 Lee's Rapid Deconstruct  Erth           8%         3d7*      56%         5
 Shatter                  Erth           8%         3d10*     100%        9


Dungeon Overview and Level Annotations

Branches:
Dungeon (11/15)            Temple (1/1) D:5         Gauntlet (1/1)
   Lair: D:8-11         Orc: D:9-12

Altars:
Ashenzari
Cheibriados
Dithmenos
Elyvilon
Fedhas
Gozag
Hepliaklqana
Kikubaaqudgha
Makhleb
Nemelex Xobeh
Okawaru
Qazlal
Ru
Sif Muna
Trog
Uskayaw
Vehumet
Wu Jian
Xom
Yredelemnul
Zin
The Shining One

Shops:
D:1 *   D:6 !   D:8 *   D:9 ?

Annotations:
D:2 Sigmund
D:3 3 runed translucent doors, exclusion: 3 doors, holysushi's ghost, amateur GnWn
D:5 1 runed translucent door, exclusion: door, Dramamine's ghost, amateur GrEE Gauntlet 11 transporters


Innate Abilities, Weirdness & Mutations

You have very sharp teeth.
Your uncanny sense of smell can sniff out nearby items.
Your experience applies equally to all skills.


Message History

The minotaur hits you!! The minotaur barely misses you.
You are too injured to fight recklessly!
You are too injured to fight recklessly!
Fire: b) +2 arbalest (elec)
Press: ? - help, Q - select action, (/) - cycle Shift-Dir - straight line, f/p - minotaur
Aim: a minotaur, wearing a +0 plate armour, wearing the ring "Woribreoq" {rElec rPois rN+ Will+ Dex+3} and quivering silver javelins (moderately wounded, 82% to hit)
You shoot a bolt. The bolt hits the minotaur!!
The minotaur is severely wounded.
Fire: b) +2 arbalest (elec)
Press: ? - help, Q - select action, (/) - cycle Shift-Dir - straight line, f/p - minotaur
Aim: a minotaur, wearing a +0 plate armour, wearing the ring "Woribreoq" {rElec rPois rN+ Will+ Dex+3} and quivering silver javelins (severely wounded, 82% to hit)
You shoot a bolt. The bolt hits the minotaur.
The minotaur is severely wounded.
The minotaur misses you. The minotaur barely misses you.
Fire: b) +2 arbalest (elec)
Press: ? - help, Q - select action, (/) - cycle Shift-Dir - straight line, f/p - minotaur
Aim: a minotaur, wearing a +0 plate armour, wearing the ring "Woribreoq" {rElec rPois rN+ Will+ Dex+3} and quivering silver javelins (severely wounded, 82% to hit)
You shoot a bolt. The bolt hits the minotaur!!
The minotaur is almost dead.
The minotaur hits you! The minotaur gores you!
* * * LOW HITPOINT WARNING * * *
Fire: b) +2 arbalest (elec)
Press: ? - help, Q - select action, (/) - cycle Shift-Dir - straight line, f/p - minotaur
Aim: a minotaur, wearing a +0 plate armour, wearing the ring "Woribreoq" {rElec rPois rN+ Will+ Dex+3} and quivering silver javelins (almost dead, 82% to hit)
You shoot a bolt. The bolt hits the minotaur.
The minotaur is almost dead.
Fire: b) +2 arbalest (elec)
Press: ? - help, Q - select action, (/) - cycle Shift-Dir - straight line, f/p - minotaur
Aim: a minotaur, wearing a +0 plate armour, wearing the ring "Woribreoq" {rElec rPois rN+ Will+ Dex+3} and quivering silver javelins (almost dead, 82% to hit)
You shoot a bolt. The bolt barely misses the minotaur.
The minotaur closely misses you.
The minotaur gores you but does no damage.
Fire: b) +2 arbalest (elec)
Press: ? - help, Q - select action, (/) - cycle Shift-Dir - straight line, f/p - minotaur
Aim: a minotaur, wearing a +0 plate armour, wearing the ring "Woribreoq" {rElec rPois rN+ Will+ Dex+3} and quivering silver javelins (almost dead, 82% to hit)
You shoot a bolt.
The bolt hits the minotaur but does no damage.
The minotaur is almost dead.
The minotaur hits you!!
You die...

##≈.#. ### ##.#.
##≈###..#. #≈≈≈#...##
#########...#...#8
####..#.....#...#.8.#©
#....######.#.8.#.⌠.#8
#.####....#.#.©.#.8.##
#.#.H@.##.#.#.8.#...#.
#.#.#####.#.#.©.#...##
#.# #.#.#.8.#.8.#. #.#
∆ #.#...©.#.∩.#5 #.##
#.#.#.8.#.8.#.
#.#.#####.#.#.©.#...#.
#.#....##.#.#.8.#...#.
#.##.#....#.#.©.#.8.##
#....######.#.8.#.⌠.#8


You could see a minotaur.

Vanquished Creatures
  Gastronok (D:8)
  Snorg (D:10)
  Erica (D:9)
  A centaur warrior (D:10)
  A two-headed ogre (D:8)
  Sonja (D:10)
  Psyche (D:10)
  A troll (D:10)
  4 slime creatures (Gauntlet)
  Prince Ribbit (D:5)
  4 yaks (D:10)
  A wraith (D:9)
  A water elemental (D:11)
  2 wyverns
  6 humans (D:10)
  A steam dragon (D:10)
  Grum (D:10)
  An acid dragon (D:10)
  3 water moccasins
  3 sky beasts
  7 orc warriors
  A black bear (D:7)
  4 ogres
  3 ice beasts
  4 wolves (D:9)
  5 centaurs
  2 kobold brigands (D:9)
  2 bullfrogs
  A gnoll sergeant (D:7)
  A necrophage (D:4)
  2 scorpions
  3 wights (D:9)
  6 killer bees
  2 electric eels (D:6)
  2 howler monkeys
  3 hounds
  8 orc priests
  A gnoll bouda (D:7)
  4 jellies
  2 iguanas
  10 orc wizards
  Terence (D:3)
  A statue (D:10)
  13 gnolls (D:7)
  11 adders
  2 shadow imps (D:8)
  2 white imps (D:6)
  2 ufetubi (D:5)
  2 worms (D:4)
  3 dart slugs
  37 orcs
  2 bats
  5 endoplasms
  3 giant cockroaches
  9 goblins
  11 hobgoblins
  7 jackals
  2 quokkas (D:2)
  9 ball pythons
  2 frilled lizards (D:1)
  4 goblin zombies (D:8)
  A hobgoblin zombie (D:8)
  12 kobolds
  2 kobold skeletons (D:8)
  2 kobold zombies (D:8)
  2 orc zombies (D:8)
  9 rats
265 creatures vanquished.

Vanquished Creatures (others)
  4 fungi (D:2)
  10 plants (D:6)
  2 withered plants (D:3)
16 creatures vanquished.

Grand Total: 281 creatures vanquished

Notes
Turn   | Place    | Note
-------+----------+-------------------------------------------
     0 | D:1      | oldmanjim the Gnoll Wanderer began the quest for the Orb.
     0 | D:1      | oldmanjim set off with the following items: a +0 dagger, a
                  | potion of lignification, a potion of heal wounds, a +0
                  | robe, a +2 buckler; and the following spell memorised:
                  | Shock; and the following spells available to memorise:
                  | Vhi's Electric Charge.
     0 | D:1      | Reached XP level 1. HP: 23/23 MP: 4/4
   285 | D:1      | Found Moli's Assorted Antiques.
   304 | D:1      | Reached XP level 2. HP: 29/29 MP: 0/5
  1091 | D:1      | Bought a scroll labelled YNE SIMADASH for 20 gold pieces
  1091 | D:1      | Bought a scroll labelled IMOAXI MADIANAOG for 20 gold
                  | pieces
  1201 | D:2      | Reached XP level 3. HP: 22/35 MP: 1/7
  1610 | D:2      | Reached skill level 1 in Invocations
  1758 | D:2      | You fall into a shaft and drop 2 floors!
  1792 | D:4      | Reached skill level 1 in Short Blades
  1792 | D:4      | Reached skill level 1 in Long Blades
  1792 | D:4      | Reached skill level 1 in Axes
  1792 | D:4      | Reached skill level 1 in Maces & Flails
  1792 | D:4      | Reached skill level 1 in Polearms
  1792 | D:4      | Reached skill level 1 in Staves
  1792 | D:4      | Reached skill level 1 in Ranged Weapons
  1792 | D:4      | Reached skill level 1 in Throwing
  1792 | D:4      | Reached skill level 1 in Armour
  1792 | D:4      | Reached skill level 1 in Dodging
  1792 | D:4      | Reached skill level 1 in Stealth
  1792 | D:4      | Reached skill level 1 in Unarmed Combat
  1792 | D:4      | Reached skill level 1 in Evocations
  1864 | D:4      | Noticed a scorpion
  1900 | D:4      | HP: 2/52 [scorpion (4)]
  1901 | D:4      | Killed a scorpion
  1902 | D:4      | Reached skill level 1 in Conjurations
  1902 | D:4      | Reached skill level 1 in Hexes
  1902 | D:4      | Reached skill level 1 in Summonings
  1902 | D:4      | Reached skill level 1 in Necromancy
  1902 | D:4      | Reached skill level 1 in Translocations
  1902 | D:4      | Reached skill level 1 in Transmutations
  1902 | D:4      | Reached skill level 1 in Fire Magic
  1902 | D:4      | Reached skill level 1 in Ice Magic
  1902 | D:4      | Reached skill level 1 in Earth Magic
  1902 | D:4      | Reached skill level 1 in Poison Magic
  1902 | D:4      | Reached XP level 4. HP: 3/41 MP: 5/8
  2198 | D:4      | Learned a level 3 spell: Vhi's Electric Charge
  2356 | D:4      | Reached XP level 5. HP: 40/47 MP: 9/9
  2430 | D:3      | Noticed holysushi's ghost (amateur GnWn)
  2524 | D:3      | Found a runed translucent gate.
  2524 | D:3      | Found a runed translucent gate.
  2525 | D:3      | Found a runed translucent gate.
  2738 | D:3      | Reached XP level 6. HP: 53/53 MP: 11/11
  2755 | D:3      | Noticed Terence
  2759 | D:3      | Killed Terence
  2761 | D:3      | Found an ancient bone altar of Kikubaaqudgha.
  3223 | D:4      | Found a shimmering altar of Xom.
  3505 | D:4      | Reached XP level 7. HP: 50/60 MP: 12/12
  3640 | D:4      | Reached skill level 9 in Shields
  3946 | D:1      | Bought 2 metallic red potions for 36 gold pieces
  3946 | D:1      | Bought a black potion for 18 gold pieces
  3946 | D:1      | Bought a black potion for 18 gold pieces
  4124 | D:2      | Identified the +3 ring mail of Xixkimo {rN+}
  4301 | D:2      | Noticed Sigmund
  4598 | D:5      | Entered Level 5 of the Dungeon
  4797 | D:5      | Found a staircase to the Ecumenical Temple.
  4805 | Temple   | Entered the Ecumenical Temple
  4844 | Temple   | Became a worshipper of Warmaster Okawaru
  5139 | D:5      | Reached XP level 8. HP: 67/67 MP: 14/14
  5142 | D:5      | Found a runed translucent door.
  5147 | D:5      | Noticed Dramamine's ghost (amateur GrEE)
  5197 | D:5      | Reached * piety under Okawaru
  5580 | D:5      | Noticed Prince Ribbit
  5597 | D:5      | Killed Prince Ribbit
  5778 | D:6      | Found Xonnin's Distillery.
  5778 | D:6      | Found a snail-covered altar of Cheibriados.
  5913 | D:6      | Reached skill level 5 in Air Magic
  6056 | D:6      | Identified a scroll of acquirement
  6057 | D:6      | Acquired the +1 pair of gloves of Quhidduv {Dex+4 Stlth+}
  6067 | D:6      | Found a sacrificial altar of Ru.
  6185 | D:6      | Reached XP level 9. HP: 70/73 MP: 16/16
  6428 | D:6      | Reached skill level 5 in Spellcasting
  6440 | D:6      | Reached ** piety under Okawaru
  6526 | D:6      | Bought a potion of mutation for 88 gold pieces
  6566 | D:6      | Found a hazy altar of Hepliaklqana.
  6873 | D:7      | Reached skill level 5 in Invocations
  7499 | D:8      | Reached *** piety under Okawaru
  7578 | D:8      | Found a glowing golden altar of the Shining One.
  7766 | D:8      | Noticed a two-headed ogre
  7781 | D:8      | Killed a two-headed ogre
  7782 | D:8      | Reached skill level 5 in Short Blades
  7782 | D:8      | Reached skill level 5 in Long Blades
  7782 | D:8      | Reached skill level 5 in Axes
  7782 | D:8      | Reached skill level 5 in Maces & Flails
  7782 | D:8      | Reached skill level 5 in Polearms
  7782 | D:8      | Reached skill level 5 in Staves
  7782 | D:8      | Reached skill level 5 in Ranged Weapons
  7782 | D:8      | Reached skill level 5 in Throwing
  7782 | D:8      | Reached skill level 5 in Armour
  7782 | D:8      | Reached skill level 5 in Dodging
  7782 | D:8      | Reached skill level 5 in Stealth
  7782 | D:8      | Reached skill level 10 in Shields
  7782 | D:8      | Reached skill level 5 in Unarmed Combat
  7782 | D:8      | Reached skill level 5 in Evocations
  7782 | D:8      | Reached XP level 10. HP: 43/82 MP: 17/19
  7987 | D:8      | Found Evajane's Serpentskin Sales.
  8034 | D:8      | Received a gift from Okawaru
  8041 | D:8      | Noticed Gastronok
  8060 | D:8      | Killed Gastronok
  8060 | D:8      | Reached **** piety under Okawaru
  8220 | D:8      | Found a bloodstained altar of Trog.
  9055 | D:9      | Found Muiq's Magic Scroll Shoppe.
  9060 | D:9      | Bought a scroll of immolation for 52 gold pieces
  9060 | D:9      | Bought a scroll of fear for 52 gold pieces
  9060 | D:9      | Bought a scroll of identify for 26 gold pieces
  9060 | D:9      | Bought a scroll of identify for 26 gold pieces
  9210 | D:9      | Noticed Erica
  9217 | D:9      | Killed Erica
  9217 | D:9      | Received a gift from Okawaru
  9242 | D:9      | Reached skill level 5 in Conjurations
  9242 | D:9      | Reached skill level 5 in Hexes
  9242 | D:9      | Reached skill level 5 in Summonings
  9242 | D:9      | Reached skill level 5 in Necromancy
  9242 | D:9      | Reached skill level 5 in Translocations
  9242 | D:9      | Reached skill level 5 in Transmutations
  9242 | D:9      | Reached skill level 5 in Fire Magic
  9242 | D:9      | Reached skill level 5 in Ice Magic
  9242 | D:9      | Reached skill level 5 in Earth Magic
  9242 | D:9      | Reached skill level 5 in Poison Magic
  9278 | D:9      | Reached XP level 11. HP: 89/89 MP: 21/21
  9546 | D:9      | Got the Tome of Crystalline Conflict
  9636 | D:8      | Reached ***** piety under Okawaru
  9883 | D:9      | Found an opulent altar of Gozag.
  9987 | D:10     | Entered Level 10 of the Dungeon
 10053 | D:10     | Noticed Grum
 10228 | D:10     | Killed Grum
 10671 | D:10     | Noticed Psyche
 10680 | D:10     | Killed Psyche
 10820 | D:10     | Noticed a centaur warrior
 10842 | D:10     | Killed a centaur warrior
 11119 | D:10     | Received a gift from Okawaru
 11227 | D:10     | Noticed Sonja
 11231 | D:10     | Killed Sonja
 11237 | D:10     | Identified the +0 helmet of the Wild Haggis {Harm Int+4
                  | SInv Stlth-} (Okawaru gifted it to you on level 10 of the
                  | Dungeon)
 11237 | D:10     | Received a gift from Okawaru
 11251 | D:10     | Noticed Snorg
 11259 | D:10     | Killed Snorg
 11513 | D:10     | Reached skill level 11 in Shields
 11691 | D:10     | Found a radiant altar of Vehumet.
 11875 | D:10     | Learned a level 3 spell: Kindle Blastsparks
 11875 | D:10     | Upgraded the game from 0.30-a0-458-g86641cc369 to
                  | 0.30-a0-459-g9104f0fc43
 11975 | D:11     | Noticed a two-headed ogre
 12065 | D:11     | Found a gate leading to a gauntlet.
 12069 | Gauntlet | Entered a Gauntlet
 12069 | Gauntlet | Found a transporter.
 12277 | Gauntlet | Found a transporter.
 12280 | Gauntlet | Found a transporter.
 12281 | Gauntlet | Found a transporter.
 12289 | Gauntlet | Found a transporter.
 12289 | Gauntlet | Noticed a wizard
 12292 | Gauntlet | Found a transporter.
 12293 | Gauntlet | Found a transporter.
 12301 | Gauntlet | Found a transporter.
 12304 | Gauntlet | Found a transporter.
 12305 | Gauntlet | Found a transporter.
 12312 | Gauntlet | Noticed a fire crab
 12314 | Gauntlet | Found a transporter.
 12316 | Gauntlet | Found a transporter.
 12317 | Gauntlet | Found a transporter.
 12325 | Gauntlet | Found a transporter.
 13173 | Gauntlet | Identified the ring "Woribreoq" {rElec rPois rN+ Will+
                  | Dex+3}
 13173 | Gauntlet | Noticed a minotaur
 13189 | Gauntlet | Slain by a minotaur

Illustrated notes

Levels and vault maps discovered:
D:1:      lemuel_arrival_rhombus, layout_basic, serial_shops, shop,
          serial_park_tiny_1
D:2:      layout_basic, dreamdust_mushroom_princess, minmay_vboxes, uniq_sigmund
D:3:      layout_loops_ring, kiku_gazebo_garden_becter, gammafunk_ghost_split,
          uniq_terence
D:4:      layout_basic, dk_xom_monty_hall, minmay_goblin_kobold_house
D:5:      layout_layer_cave, minmay_temple_entry_junction,
          hellmonk_ghost_happy_afterlife, uniq_prince_ribbit1
D:6:      layout_gridville, nicolae_ru_path_of_blood, kennysheep_slug_shrine,
          mainiacjoe_overflow_six_doors_small, serial_bayou,
          serial_bayou_pond_a, serial_bayou_lagoon_a, serial_bayou_pond_a,
          serial_bayou_pond_b, serial_bayou_pond_e, serial_bayou_pond_a,
          serial_shops, shop
D:7:      layout_basic
D:8:      layout_loops_ring, lemuel_doored_altar, nicolae_tso_besieged_by_evil,
          guppyfry_shop_venom, uniq_gastronok
D:9:      layout_stronghold, kennysheep_mini_moat, serial_shops,
          nicolae_shop_hallway_plus, uniq_erica
D:10:     layout_roguey, vehumet_statue, minmay_ruffians, uniq_grum, uniq_snorg,
          uniq_psyche, uniq_sonja
D:11:     layout_basic, minmay_lair_entry_grove, gauntlet_entry_generic,
          enter_trove_0, uniq_lodul
Temple:   nicolae_temple_ecumenical_triangle
Gauntlet: gammafunk_gauntlet_77_escape_option
          [minmay_gauntlet_arena_77_hold_the_fort,
          minmay_gauntlet_arena_77_block_sizes, minmay_gauntlet_arena_77_mirror,
          minmay_gauntlet_arena_77_tiled_triplets, minmay_gauntlet_arena_77_fan,
          dreamdust_gauntlet_exit_labyrinth]

Skill      XL: |  1  2  3  4  5  6  7  8  9 10 11 |
---------------+----------------------------------+-----
Invocations    | 1 2 3 4 5 6 7 |  7.7
Short Blades   | 1 2 3 5 6 7 |  7.0
Long Blades    | 1 2 3 5 6 7 |  7.0
Axes           | 1 2 3 5 6 7 |  7.0
Maces & Flails | 1 2 3 5 6 7 |  7.0
Polearms       | 1 2 3 5 6 7 |  7.0
Staves         | 1 2 3 5 6 7 |  7.0
Ranged Weapons | 1 2 3 5 6 7 |  7.0
Throwing       | 1 2 3 5 6 7 |  7.0
Armour         | 1 2 3 5 6 7 |  7.0
Dodging        | 1 2 3 5 6 7 |  7.0
Stealth        | 1 2 3 5 6 7 |  7.0
Unarmed Combat | 1 2 3 5 6 7 |  7.0
Evocations     | 1 2 3 5 6 7 |  7.0
Spellcasting   | 3 4 6 7 |  7.6
Conjurations   | 1 2 3 4 5 |  5.8
Hexes          | 1 2 3 4 5 |  5.8
Summonings     | 1 2 3 4 5 |  5.8
Necromancy     | 1 2 3 4 5 |  5.8
Translocations | 1 2 3 4 5 |  5.8
Transmutations | 1 2 3 4 5 |  5.8
Fire Magic     | 1 2 3 4 5 |  5.8
Ice Magic      | 1 2 3 4 5 |  5.8
Earth Magic    | 1 2 3 4 5 |  5.8
Poison Magic   | 1 2 3 4 5 |  5.8
Air Magic      | 4 5 6 7 |  7.0
Fighting       | 7 8 9 |  9.7
Shields        | 9 10 11 | 11.0

Action                   |  1- 3 |  4- 6 |  7- 9 | 10-12 || total
-------------------------+-------+-------+-------+-------++-------
Melee: Dagger            |    65 |    22 |       |       ||    87
       Bite              |     3 |     4 |       |    14 ||    21
       Hand axe          |       |       |     4 |    19 ||    23
       Punch             |       |       |       |     9 ||     9
       Short sword       |       |       |       |    61 ||    61
 Fire: Arbalest          |       |    58 |   270 |   247 ||   575
 Cast: Shock             |    72 |    15 |       |       ||    87
Invok: Heroism           |       |       |       |     4 ||     4
       Finesse           |       |       |       |     3 ||     3
Evoke: Wand              |       |       |       |     1 ||     1
  Use: Potion            |     1 |       |       |     1 ||     2
       Scroll            |       |       |    16 |     2 ||    18
Armor: Robe              |     3 |     2 |       |       ||     5
       Skin              |    21 |       |       |       ||    21
       Leather armour    |       |     4 |     5 |       ||     9
       Ring mail         |       |       |    71 |   101 ||   172
Dodge: Dodged            |    18 |    17 |   132 |   245 ||   412
Block: Buckler           |    19 |     8 |       |       ||    27

Table legend: (Time is in decaauts)
 A = Elapsed time spent in this place.
 B = Non-inter-level travel time spent in this place.
 C = Inter-level travel time spent in this place.
 D = Time resting spent in this place.
 E = Time spent auto-exploring this place.
 F = Levels seen in this place.
 G = Mean time per level.
                   A        B        C        D        E       F      G
               +--------+--------+--------+--------+--------+-----+--------+
         Total |  13622 |  12982 |    640 |   2747 |   7100 |  13 | 1047.8 |
       Dungeon |  12452 |  11820 |    632 |   2395 |   6755 |  11 | 1132.0 |
        Temple |     48 |     40 |      8 |      0 |     31 |   1 |   48.0 |
      Gauntlet |   1121 |   1121 |      0 |    352 |    314 |   1 | 1121.0 |
               +--------+--------+--------+--------+--------+-----+--------+

Top non-repeatable levels by time:
    D:10: 1738 daAuts
     D:9: 1595 daAuts
     D:5: 1428 daAuts
     D:4: 1368 daAuts
     D:8: 1275 daAuts
     D:2: 1254 daAuts
     D:1: 1156 daAuts
Gauntlet: 1121 daAuts
     D:3: 896 daAuts
     D:6: 887 daAuts
     D:7: 678 daAuts
    D:11: 173 daAuts
  Temple: 48 daAuts
